 Dungeon Crawl Stone Soup version 0.20.0-7-g3b7b877 (webtiles) character file.

114 Jumperg the Shooter (level 4, -3/35 HPs)
             Began as a Centaur Arcane Marksman on May 29, 2017.
             Slain by a goblin
             ... wielding a +0 club
             ... led by Robin
              (6 damage)
             ... on level 3 of the Dungeon.
             The game lasted 00:16:19 (2065 turns).

Jumperg the Shooter (Centaur Arcane Marksman)       Turns: 2065, Time: 00:16:19

Health: -3/35      AC:  4    Str: 13    XL:     4   Next: 67%
Magic:  6/6        EV: 10    Int: 13    God:
Gold:   111        SH:  0    Dex:  9    Spells: 2/6 levels left

rFire    . . .     SeeInvis .   a - +0 shortbow
rCold    . . .     Gourm    .   (shield currently unavailable)
rNeg     . . .     Faith    .   e - +0 robe
rPois    .         Spirit   .   (no helmet)
rElec    .         Reflect  .   (no cloak)
rCorr    .         Harm     .   (no gloves)
MR       .....                  (no barding)
Stlth    +.........             (no amulet)
Regen    0.2/turn               (no ring)
MPRegen  0.1/turn               (no ring)

@: very quick
A: hooves 3, deformed body, speed 2, tough skin 3
a: no special abilities


You were on level 3 of the Dungeon.
You were not hungry.

You visited 1 branch of the dungeon, and saw 3 of its levels.

You collected 111 gold pieces.

Inventory:

Hand Weapons
 a - a +0 shortbow (weapon)
 n - a +0 dagger
 s - a +0 spear
Missiles
 d - 15 arrows (quivered)
 i - 130 stones
 p - 11 poisoned needles
Armour
 e - a +0 robe (worn)
Scrolls
 h - 2 scrolls of amnesia {unknown}
 k - a scroll of fog {unknown}
 m - a scroll of recharging {unknown}
 o - a scroll of immolation {unknown}
 q - a scroll of enchant armour {unknown}
 w - a scroll of teleportation {unknown}
Potions
 g - a potion of curing {unknown}
 j - a potion of magic {unknown}
 l - 2 potions of mutation {unknown}
 t - a potion of ambrosia {unknown}
 v - a potion of lignification {unknown}
Books
 c - a book of Debilitation

   Spells                             Type                      Level
   a - Corona                         Hexes                        1
   b - Slow                           Hexes                        2
   c - Inner Flame                    Hexes/Fire                   3
   d - Portal Projectile              Hexes/Translocation          3
   e - Cause Fear                     Hexes                        4
   f - Leda's Liquefaction            Hexes/Earth                  4
Comestibles
 b - 2 royal jellies
 f - a bread ration
 r - 3 fruits
 u - 2 chunks of flesh


   Skills:
 - Level 1.0 Fighting
 * Level 4.0 Bows
 - Level 2.3 Dodging
 + Level 1.7 Spellcasting
 + Level 3.3 Hexes


You had 2 spell levels left.
You knew the following spells:

 Your Spells              Type           Power        Failure   Level  Hunger
a - Corona                Hex            #......      7%          1    ##.....
b - Portal Projectile     Hex/Tloc       #.....       36%         3    ####...


Dungeon Overview and Level Annotations

Branches:
Dungeon (3/15)

Altars:
Gozag

Annotations:
D:3 Robin


Innate Abilities, Weirdness & Mutations

You have hooves in place of feet.
Armour fits poorly on your strangely shaped body.
You cover ground very quickly.
You have extremely tough skin. (AC +3)


Message History

Aim: a goblin, wielding a club (heavily wounded, unusually strong)
You shoot an arrow.
The arrow hits the goblin but does no damage.
The goblin is heavily wounded.
The goblin hits you. The goblin barely misses you.
The goblin hits you with a club. The goblin hits you but does no damage.
Firing (i - inventory. (,) - cycle):
d - 17 arrows (quivered)
Press: ? - help, Shift-Dir - straight line, f/p - goblin
Aim: a goblin, wielding a club (heavily wounded, unusually strong)
You shoot an arrow. The arrow barely misses the goblin.
The goblin closely misses you. The goblin hits you.
* * * LOW HITPOINT WARNING * * *
The goblin hits you with a club.
* * * LOW HITPOINT WARNING * * *
Firing (i - inventory. (,) - cycle):
d - 16 arrows (quivered)
Press: ? - help, Shift-Dir - straight line, f/p - goblin
Aim: a goblin, wielding a club (heavily wounded, unusually strong)
You shoot an arrow. The arrow closely misses the goblin.
The goblin hits you with a club.
You die...

#+# (..# #.# #.(# #.#
.g# ##.## .(. ##...##
#.# #.....# #.#
##...##########.#
#######.####gg.(.(.(#
....(....)g@g########
#######.###### #.#
#.# ###.#####
#.......# ##.#.###.#
..###..>..##.#
..........##.########


You could see Robin and 3 goblins.

Vanquished Creatures
  4 gnolls (D:2)
  2 adders (D:2)
  An ooze (D:1)
  2 worms (D:2)
  A leopard gecko (D:2)
  2 ball pythons (D:2)
  4 bats
  2 giant cockroaches
  9 goblins
  5 hobgoblins
  2 jackals (D:1)
  3 kobolds
  5 frilled lizards
  7 rats
49 creatures vanquished.

Vanquished Creatures (others)
  A kobold (D:1)
1 creature vanquished.

Grand Total: 50 creatures vanquished

Notes
Turn   | Place    | Note
-------+----------+-------------------------------------------
     0 | D:1      | Jumperg the Centaur Arcane Marksman began the quest for the Orb.
     0 | D:1      | Reached XP level 1. HP: 16/16 MP: 2/2
   174 | D:1      | Reached skill level 3 in Bows
   243 | D:1      | Reached XP level 2. HP: 23/23 MP: 3/3
   990 | D:2      | Reached XP level 3. HP: 28/28 MP: 2/5
  1082 | D:2      | Reached XP level 4. HP: 23/35 MP: 3/6
  1541 | D:2      | Learned a level 3 spell: Portal Projectile
  1692 | D:2      | Found an opulent altar of Gozag.
  1918 | D:3      | Reached skill level 4 in Bows
  2001 | D:3      | Noticed Robin
  2065 | D:3      | Slain by a goblin

Skill      XL: |  1  2  3  4 |
---------------+-------------+-----
Bows           | 3 4 |  4.0
Hexes          | 3 |  3.3
Dodging        | 2 |  2.3
Fighting       | |  1.0
Spellcasting   | |  1.7

Action                   |  1- 3 |  4- 6 || total
-------------------------+-------+-------++-------
Melee: Unarmed           |    12 |       ||    12
       Club              |     6 |       ||     6
       Kick              |     3 |     5 ||     8
       Dagger            |    10 |    13 ||    23
       Spear             |       |    35 ||    35
 Fire: Shortbow          |    64 |    68 ||   132
Throw: Throwing net      |     1 |       ||     1
 Cast: Corona            |     8 |     4 ||    12
  Eat: Chunk             |       |     3 ||     3
Armor: Robe              |    23 |    24 ||    47
Dodge: Dodged            |    13 |    23 ||    36
